Map: Pylon LE

Players

Koniq

  • Race: Terran Terran
  • League: Platinum
  • Spawn Location: 5:00

ManlyManMeat - Winner!

  • Race: Zerg Zerg
  • League: Diamond
  • Spawn Location: 11:00

VOD

Have the link to the VOD?

Description

Time

  • Played on: June 24, 2025, 7:26 a.m.
  • Length: 25:02
Show
View Real Time Build Order
Export as new Build Order

Koniq Terran 

Build Orders:  

Get SALT Encoding   

  12  0:00  SCV  
  13  0:12  SCV  
  14  0:17  Supply Depot  
  14  0:24  SCV  
  15  0:38  SCV  
  15  0:39  Barracks  
  16  0:45  Refinery  
  16  0:50  SCV  
  17  1:02  SCV  
  18  1:15  SCV  
  19  1:34  Marine  
  20  1:44  Orbital Command  
  20  1:52  Command Center  
  20  1:58  Supply Depot  
  20  1:59  Barracks Reactor  
  20  2:11  SCV  
  21  2:22  Factory  
  21  2:25  Refinery  
  21  2:26  SCV  
  22  2:30  Bunker  
  22  2:37  Marine  
  22  2:38  SCV, Marine  
  25  2:50  SCV  
  26  2:57  Marine  
  26  2:58  Marine  
  27  3:02  SCV  
  27  3:05  Supply Depot  
  28  3:10  Starport  
  28  3:15  SCV  
  29  3:24  Barracks Tech Lab  
  29  3:26  Orbital Command  
  29  3:28  Hellion  
  29  3:33  Hellion  
  33  3:38  SCV  
  34  3:49  Hellion, Fusion Core  
  34  3:51  SCV  
  34  3:54  Hellion  
  34  3:55  SCV  
  40  3:58  Starport Tech Lab  
  40  4:05  Supply Depot, SCV  
  41  4:10  Hellion  
  41  4:15  Hellion  
  45  4:17  SCV  
  45  4:18  SCV  
  47  4:25  Refinery  
  47  4:26  Marine  
  47  4:27  Supply Depot  
  48  4:46  Battlecruiser  
  48  4:51  Factory Tech Lab  
  55  4:52  SCV  
  55  4:53  SCV, Barracks x2  
  44  5:15  Siege Tank, Marine  
  44  5:19  Stimpack  
  48  5:22  Supply Depot, SCV x2  
  48  5:26  Refinery  
  50  5:33  Marine  
  50  5:34  SCV x2  
  53  5:41  Marine x2  
  53  5:42  Engineering Bay  
  56  5:44  Barracks Reactor  
  55  5:51  Supply Depot, Marine  
  56  5:57  Siege Tank  
  56  5:59  SCV, Marine  
  56  6:00  SCV  
  62  6:09  Marine  
  63  6:26  Marine  
  63  6:29  Siege Tank, SCV x2, Marine x4  
  73  6:41  SCV  
  73  6:44  Marine  
  75  6:47  Marine x2  
  75  6:48  SCV, Marine x2  
  75  6:53  SCV  
  81  7:00  SCV  
  82  7:01  Siege Tank  
  82  7:02  Marine  
  86  7:13  Combat Shield  
  86  7:16  Terran Infantry Weapons Level 1  
  86  7:23  Supply Depot  
  86  7:25  Missile Turret  
  86  7:32  Missile Turret  
  86  7:45  Liberator, SCV, Marine x4  
  86  7:47  Supply Depot  
  86  7:49  Command Center  
  94  7:53  Armory  
  94  8:08  Marine x4  
  94  8:09  Marauder, SCV  
  101  8:13  Starport  
  101  8:14  Factory  
  101  8:17  Supply Depot  
  101  8:24  SCV  
  102  8:32  Concussive Shells  
  102  8:39  Marauder, SCV x2  
  106  8:41  Engineering Bay  
  106  8:51  SCV  
  106  8:52  Starport Reactor  
  102  9:31  Terran Infantry Weapons Level 2  
  102  9:32  Terran Infantry Armor Level 1  
  102  9:33  Terran Vehicle Weapons Level 1  
  102  9:37  Command Center  
  102  9:39  Medivac x2  
  102  9:40  Battlecruiser, Marine x2  
  102  9:41  Marine x3  
  102  9:42  Siege Tank  
  112  9:58  Marine x2  
  96  10:10  Marine x2  
  96  10:11  Medivac, Marine  
  96  10:12  Medivac  
  103  10:14  Siege Tank  
  103  10:16  SCV x3, Marine  
  110  10:28  SCV  
  105  10:48  Command Center  
  104  10:54  Marine  
  104  10:55  Marine x4  
  70  11:12  Marine  
  70  11:13  Marine x4  
  69  11:29  Siege Tank  
  69  11:30  Marine x4  
  69  11:31  Marine  
  77  11:34  SCV x2  
  77  11:38  Planetary Fortress  
  76  11:44  Terran Vehicle And Ship Armor Level 1  
  76  11:48  Marine x5  
  81  12:01  Siege Tank  
  81  12:05  Marine  
  81  12:06  Marine x4  
  88  12:23  Marine  
  88  12:24  Marine x3  
  92  12:33  Siege Tank  
  95  12:53  Marine x3  
  95  12:54  Marine x2  
  100  13:05  Siege Tank  
  100  13:11  Marine x4  
  101  13:30  Medivac x2, Marine  
  101  13:31  Marine x4  
  110  13:48  Marine  
  110  13:49  Marine x4  
  110  13:51  Factory Reactor  
  110  13:54  Siege Tank  
  118  14:06  Marine  
  119  14:20  Planetary Fortress  
  77  15:07  SCV x2  
  77  15:08  SCV, Marine x2  
  77  15:13  SCV  
  74  15:14  Refinery  
  74  15:18  Refinery  
  74  15:19  SCV  
  75  15:24  SCV x2, Marine  
  75  15:25  SCV, Marine x2  
  75  15:26  Battlecruiser, Marine x2  
  89  15:29  Terran Infantry Armor Level 2  
  89  15:31  Terran Ship Weapons Level 1  
  89  15:32  Neosteel Armor  
  89  15:34  Medivac  
  90  15:43  Marauder  
  80  15:55  Missile Turret  
  68  15:57  Marine  
  68  15:58  Marine x3  
  72  16:04  Marauder  
  73  16:13  SCV x3  
  76  16:22  SCV  
  76  16:25  SCV x2, Marine x5  
  79  16:26  SCV  
  85  16:34  SCV  
  85  16:37  SCV x2  
  85  16:38  SCV  
  89  16:42  Marine  
  89  16:43  Marine  
  91  16:52  SCV x4  
  95  17:04  SCV  
  94  17:21  Missile Turret  
  88  17:22  SCV  
  88  17:23  SCV x3, Marine x3  
  88  17:24  Missile Turret, Marine x2  
  88  17:25  Missile Turret  
  88  17:26  Widow Mine  
  88  17:33  Terran Vehicle Weapons Level 2  
  88  17:37  Widow Mine  
  88  17:41  Marine x3  
  93  17:47  Missile Turret  
  93  17:48  SCV x2  
  93  17:49  SCV x2  
  97  17:57  Medivac x2  
  101  17:59  Marine x2  
  101  18:00  Marauder  
  105  18:13  SCV x3  
  108  18:20  SCV  
  108  18:21  Marauder  
  108  18:25  SCV x3, Marine x3  
  119  18:27  Widow Mine  
  119  18:29  Widow Mine  
  121  18:36  Refinery  
  121  18:39  Refinery  
  121  18:42  Marauder  
  123  19:03  Command Center  
  123  19:04  Marauder, Terran Infantry Weapons Level 3  
  123  19:05  Terran Infantry Armor Level 3, SCV x2  
  123  19:06  SCV, Marine x2  
  130  19:25  Marauder  
  130  19:29  Planetary Fortress  
  132  19:46  Marauder  
  127  20:06  Marine  
  118  20:07  Marine x4  
  115  20:20  Widow Mine, Siege Tank  
  115  20:21  Widow Mine  
  119  20:24  Marine  
  119  20:25  Marine x4  
  120  20:37  Drilling Claws  
  120  20:42  Widow Mine x2, Marine  
  121  20:43  Marine x4  
  125  20:52  Terran Ship Weapons Level 2, Siege Tank  
  125  20:56  Command Center  
  128  20:57  Command Center  
  128  21:00  Marine x4  
  128  21:01  Marine  
  128  21:03  Hellion, Widow Mine  
  137  21:16  Medivac x3  
  137  21:18  Marine x4  
  144  21:24  Siege Tank  
  144  21:25  Hellion  
  152  21:31  Missile Turret  
  152  21:46  Medivac x3  
  153  21:51  Missile Turret  
  117  21:56  Siege Tank  
  105  22:13  Missile Turret  
  99  22:34  Missile Turret  
  99  22:37  Planetary Fortress  
  99  22:41  Missile Turret  
  94  22:59  Supply Depot  
  94  23:00  Missile Turret  
  94  23:02  Missile Turret, Planetary Fortress  
  94  23:22  Supply Depot  
  94  23:35  Barracks  
  94  23:36  SCV  
  83  23:48  SCV  
  56  23:58  Command Center  
  56  24:00  Barracks  
  56  24:06  Barracks  
  56  24:09  Barracks  
Show
View Real Time Build Order
Export as new Build Order

ManlyManMeat Zerg - Winner!

Build Orders: Hatch First 

Get SALT Encoding   

  12  0:00  Drone  
  13  0:08  Drone  
  14  0:14  Extractor  
  14  0:16  Drone  
  15  0:23  Overlord  
  15  0:43  Drone  
  15  0:47  Hatchery  
  15  0:50  Drone  
  15  0:54  Drone  
  17  0:58  Drone  
  18  1:09  Extractor  
  17  1:14  Spawning Pool  
  16  1:18  Drone  
  16  1:24  Drone  
  18  1:46  Drone x2  
  20  2:00  Queen x2  
  24  2:02  Zergling x2  
  24  2:03  Zergling x2  
  24  2:07  Drone  
  27  2:13  Metabolic Boost  
  27  2:21  Overlord  
  27  2:26  Drone  
  28  2:44  Drone x2, Hatchery  
  27  2:46  Drone  
  27  2:49  Drone  
  31  2:52  Drone  
  32  3:04  Drone x2  
  32  3:05  Overlord  
  33  3:10  Queen  
  35  3:25  Drone x5  
  35  3:26  Drone  
  41  3:35  Overlord  
  41  3:36  Overlord  
  41  3:40  Drone  
  41  3:41  Drone  
  43  3:45  Baneling Nest, Extractor  
  43  3:46  Drone x2  
  43  3:52  Overlord  
  43  3:53  Overlord  
  43  4:03  Queen  
  43  4:06  Queen  
  43  4:09  Drone  
  48  4:11  Drone  
  48  4:15  Zergling x2  
  48  4:16  Zergling x2, Evolution Chamber  
  50  4:21  Drone x3  
  53  4:29  Spore Crawler  
  53  4:31  Spore Crawler  
  51  4:32  Lair  
  51  4:34  Drone  
  52  4:49  Drone, Zergling x2  
  52  4:51  Zergling x12  
  52  4:52  Zergling x2  
  59  5:06  Drone x3  
  59  5:07  Drone x2  
  57  5:08  Drone x2  
  57  5:09  Drone x3  
  60  5:18  Zerg Melee Weapons Level 1  
  60  5:21  Drone x4  
  64  5:36  Drone x3  
  64  5:37  Drone x2  
  64  5:38  Drone  
  70  5:45  Drone x2  
  70  5:46  Overlord  
  70  5:49  Hatchery  
  71  5:50  Baneling x8  
  71  5:53  Centrifugal Hooks  
  71  5:57  Evolution Chamber  
  69  6:06  Spore Crawler  
  69  6:07  Spore Crawler  
  65  6:20  Zergling x24  
  77  6:29  Queen  
  77  6:30  Queen  
  79  6:36  Zergling x6  
  78  6:53  Zergling x8  
  77  7:04  Evolution Chamber  
  64  7:11  Drone x2  
  64  7:12  Drone x6  
  72  7:17  Queen  
  72  7:20  Spore Crawler  
  73  7:22  Spore Crawler  
  73  7:25  Spire  
  73  7:28  Overseer  
  67  7:30  Drone x2  
  67  7:31  Drone  
  70  7:51  Spore Crawler  
  70  7:54  Spore Crawler  
  70  7:56  Spore Crawler  
  70  7:58  Drone x4  
  71  7:59  Extractor  
  71  8:00  Drone x3, Extractor  
  71  8:01  Drone x3  
  71  8:02  Zergling x8  
  71  8:04  Overlord x3  
  71  8:05  Overlord x2  
  79  8:22  Spore Crawler, Queen  
  79  8:25  Spore Crawler  
  79  8:27  Spore Crawler  
  78  8:28  Spore Crawler  
  78  8:29  Spore Crawler, Drone x3  
  79  8:36  Corruptor x3  
  79  8:37  Corruptor x2  
  89  8:43  Zergling x28  
  89  8:44  Zergling x4  
  105  8:50  Hatchery  
  102  9:03  Baneling x8  
  102  9:04  Baneling  
  102  9:06  Hatchery  
  101  9:14  Baneling  
  100  9:29  Overlord x3  
  96  9:58  Mutalisk  
  96  9:59  Hatchery  
  85  10:09  Zergling x44  
  106  10:38  Zergling x18  
  106  10:56  Zergling x2  
  106  10:57  Zergling x10  
  92  11:06  Zergling x2  
  92  11:07  Zergling x16  
  93  11:23  Zergling x8  
  93  11:24  Zergling x6  
  89  11:32  Drone  
  89  11:33  Drone x7  
  89  11:34  Drone  
  89  11:37  Baneling x7  
  96  11:40  Baneling  
  96  11:41  Baneling  
  96  11:45  Extractor  
  96  11:46  Extractor  
  94  12:04  Corruptor, Zergling x2  
  94  12:05  Zergling x20  
  94  12:06  Zergling x20  
  104  12:17  Zergling x4  
  104  12:18  Zergling x16  
  113  12:30  Baneling x4  
  113  12:31  Baneling x5  
  113  12:40  Zergling x22  
  123  12:52  Overlord x3  
  123  13:04  Hatchery  
  122  13:12  Zergling x2  
  122  13:13  Zergling x46  
  126  13:24  Zergling x24  
  126  13:40  Infestation Pit, Zerg Melee Weapons Level 2  
  126  13:41  Zerg Ground Armor Level 1  
  125  13:43  Baneling x7  
  123  14:05  Zergling x2  
  123  14:06  Zergling x38  
  93  14:33  Zergling x2  
  93  14:34  Zergling x44  
  115  14:49  Corruptor x4  
  104  14:57  Zergling x12  
  106  15:04  Corruptor x2  
  109  15:14  Baneling x6  
  109  15:17  Drone x2  
  109  15:18  Drone  
  109  15:19  Baneling x2  
  100  16:01  Zerg Ground Armor Level 2, Hive  
  96  16:06  Drone x4  
  96  16:07  Drone x3  
  91  16:13  Zergling x20  
  91  16:14  Zergling x10  
  91  16:15  Zergling x30  
  119  16:32  Infestor  
  121  16:33  Zergling x2  
  121  16:34  Zergling x12  
  121  16:36  Baneling x4  
  121  16:38  Drone x3  
  131  16:40  Extractor  
  131  16:41  Drone x3  
  131  16:43  Extractor  
  126  17:37  Extractor  
  123  17:46  Drone x3  
  123  17:47  Drone x3  
  129  18:03  Drone x3  
  132  18:07  Infestor x2  
  136  18:28  Corruptor x2  
  136  18:29  Swarm Host  
  136  18:30  Swarm Host x3  
  152  18:35  Zerg Missile Weapons Level 1, Zerg Melee Weapons Level 3  
  150  18:50  Hatchery  
  147  19:05  Ultralisk Cavern  
  147  19:07  Zerg Flyer Armor Level 1  
  146  19:20  Overlord  
  146  19:21  Overlord x5  
  125  19:50  Baneling x9  
  117  20:10  Ultralisk x6  
  152  20:25  Zergling x48  
  152  20:26  Zergling x16  
  183  20:39  Drone x10  
  183  20:40  Drone  
  194  20:52  Chitinous Plating  
  194  21:01  Baneling  
  194  21:02  Baneling x12  
  194  21:03  Baneling x5  
  194  21:37  Zerg Flyer Weapons Level 1  
  194  21:42  Extractor  
  194  21:43  Extractor  
  150  22:10  Ultralisk x2  
  150  22:11  Anabolic Synthesis  
  154  22:23  Pneumatized Carapace  
  154  22:28  Hatchery  
  122  22:47  Corruptor  
  122  22:48  Corruptor  
  122  22:50  Zergling x34  
  122  22:51  Zergling x36  
  155  22:52  Overlord x7  
  124  23:50  Zergling x40  
  125  24:30  Zergling x32  
  125  24:31  Zergling x20  
  146  24:44  Overlord  
Tags
 
Matchup
TvZ
Spawn Locations
Cross Positions
Add a new tag
Caveats
  • Supply blocks, unpowered buildings, or Contaminate may cause inaccurate times.
  • Supply counts are checked every 10 seconds.